 Dungeon Crawl Stone Soup version 0.19.5-1-g796a6487f8 (webtiles) character file.

10143 Ge0ff the Archer (level 11, 0/75 HPs)
             Began as a High Elf Artificer on Oct 19, 2021.
             Was an Elder of Okawaru.
             Slain by a komodo dragon (11 damage)
             ... on level 1 of the Lair of Beasts.
             The game lasted 00:49:21 (17117 turns).

Ge0ff the Archer (High Elf Artificer)              Turns: 17117, Time: 00:49:22

Health: 0/75       AC: 20    Str: 14    XL:     11   Next: 32%
Magic:  13/15      EV: 10    Int: 14    God:    Okawaru [****..]
Gold:   567        SH:  0    Dex: 18    Spells: 3 memorised, 1 level left

rFire  + . .     SeeInvis .     b - +2 short sword (venom)
rCold  . . .     Gourm    .     n - +0 plate armour
rNeg   . . .     Faith    .     (no shield)
rPois  .         Spirit   .     s - +1 helmet
rElec  .         Reflect  .     L - +0 cloak
rCorr  .         Harm     .     (no gloves)
MR     +....                    (no boots)
Stlth  ..........               (no amulet)
                                (no ring)
                                S - ring of protection from fire

@: heroism
A: molten scales 1
a: Heroism, Renounce Religion


You were on level 1 of the Lair of Beasts.
You worshipped Okawaru.
Okawaru was greatly pleased with you.
You were not hungry.

You visited 3 branches of the dungeon, and saw 12 of its levels.
You also visited: Sewer.

You collected 580 gold pieces.
You spent 13 gold pieces at shops.

Inventory:

Hand Weapons
 a - a +0 shortbow
 b - a +2 short sword of venom (weapon)
 h - a +2 hunting sling of freezing
 k - a +0 rapier
 w - a +0 blowgun
 Z - a cursed +3 great sword of freezing
Missiles
 v - 2 silver tomahawks (quivered)
 Q - 198 arrows
 U - 46 poisoned needles
 V - 2 tomahawks
Armour
 m - a +1 ring mail of cold resistance
 n - a +0 plate armour (worn)
 p - a +0 buckler
 s - a +1 helmet (worn)
 t - a +0 chain mail
 B - a +2 ring mail of positive energy
 L - a +0 cloak (worn)
 W - a +2 shield
Jewellery
 S - a ring of protection from fire (left hand)
Wands
 e - a wand of enslavement (0/24)
 f - a wand of flame (0/48)
 i - a wand of polymorph (3/24)
 u - a wand of polymorph (0/24)
 x - a wand of random effects (17/48)
 N - a wand of flame (21/48)
 Y - a wand of lightning (0/15)
Scrolls
 y - 3 scrolls of immolation
 C - 3 scrolls of remove curse
 F - a scroll of fog
 J - 2 scrolls of enchant armour
 M - a scroll of magic mapping
 T - 4 scrolls of teleportation
Potions
 l - a potion of cure mutation {unknown}
 o - a potion of flight
 q - 2 potions of magic
 r - 3 potions of curing
 z - 2 potions of haste
 D - 2 potions of brilliance {unknown}
 H - 3 potions of heal wounds
 I - 2 potions of ambrosia {unknown}
 O - 3 potions of lignification {unknown}
 R - 5 potions of might
 X - a potion of agility {unknown}
Comestibles
 c - 4 bread rations
 A - 7 fruits
 E - 7 meat rations
 K - 3 beef jerkies
 P - a royal jelly


   Skills:
 + Level 7.4(12.4) Fighting
 - Level 7.0(12.0) Short Blades
 * Level 13.6(18.6) Bows
 - Level 3.0(8.0) Throwing
 + Level 5.6(10.6) Armour
 + Level 7.2(12.2) Dodging
 - Level 3.0(8.0) Stealth
 + Level 4.2 Invocations
 - Level 3.0 Evocations


You had one spell level left.
You knew the following spells:

 Your Spells              Type           Power        Failure   Level  Hunger
d - Deflect Missiles      Chrm/Air       #.........   100%        6    #######
g - Apportation           Tloc           #.........   100%        1    ##.....
s - Shroud of Golubria    Chrm/Tloc      #.........   100%        2    ###....


Dungeon Overview and Level Annotations

Branches:
Dungeon (10/15)            Temple (1/1) D:5            Lair (1/6) D:9
    Orc: D:9-12

Altars:
Cheibriados
Elyvilon
Fedhas
Gozag
Kikubaaqudgha
Makhleb
Nemelex Xobeh
Okawaru
Ru
Sif Muna
Uskayaw
Vehumet
Xom
Yredelemnul
The Shining One

Shops:
D:8 !   D:10 *

Annotations:
D:7 Queen's ghost, novice DrTm
D:9 exclusion: efreet


Innate Abilities, Weirdness & Mutations

You are partially covered in molten scales. (AC +2)


Message History

The blink frog closely misses you. The komodo dragon bites you!!
The blink frog misses you.
The komodo dragon completely misses you.
All of the chunks of flesh in your inventory have rotted away.
There is a staircase back to the Dungeon, spattered with blood here.
You hit the komodo dragon but do no damage.
The komodo dragon is poisoned.
The blink frog blinks!
You closely miss the komodo dragon. The blink frog closely misses you.
The komodo dragon bites you!!
The blink frog blinks!
You closely miss the blink frog.
The blink frog hits you but does no damage.
You hit the komodo dragon.
The komodo dragon looks as sick as possible!
The komodo dragon is lightly wounded.
The komodo dragon bites you!!
* * * LOW HITPOINT WARNING * * *
The blink frog completely misses you. The blink frog hits you.
* * * LOW HITPOINT WARNING * * *
The komodo dragon bites you!
You die...

....[......
..$......
.......
.....##
(....##
##.>...#
##.l...#
#P(F@.#
....((..§##
.>....F...#
..§...?...#
.##.......#
P.#......#
...#.......
..
.....#...


You could see a komodo dragon and 2 blink frogs.

Vanquished Creatures
  A fire crab (D:10)
  An unseen horror (D:10)
  A hill giant (D:10)
  Joseph (D:10)
  A centaur skeleton (D:10)
  A kobold demonologist (D:8)
  A spiny frog (D:9)
  A komodo dragon (D:9)
  A troll (D:10)
  2 blink frogs (D:9)
  3 hippogriffs
  A wyvern (D:9)
  3 yaks (D:10)
  A hungry ghost (D:9)
  A steam dragon (D:9)
  The ghost of Ge0ff the Cutter, an amateur HEWn (D:4)
  Duvessa (D:7)
  A porcupine (D:8)
  Purgy (Sewer)
  5 sky beasts
  2 orc warriors
  A phantom (D:9)
  3 ice beasts
  2 ogres
  A necrophage (D:8)
  3 wolves (D:8)
  The ghost of Ge0ff the Cutter, an amateur HEWr (D:3)
  A crocodile (D:9)
  2 big kobolds
  7 centaurs
  3 bullfrogs
  Dowan (D:7)
  2 wyvern skeletons
  A scorpion (D:10)
  A jelly (D:9)
  6 killer bees (D:9)
  9 wights
  13 crimson imps
  2 bullfrog zombies
  A quasit (D:6)
  2 bullfrog skeletons
  3 orc priests
  A hound (D:6)
  7 orc wizards
  3 iguanas
  Natasha (D:3)
  Terence (D:2)
  4 worker ants
  3 hound skeletons
  A worker ant zombie (D:7)
  3 gnolls (D:6)
  9 adders
  2 white imps (D:7)
  3 adder skeletons
  An adder zombie (D:5)
  2 worms
  4 dart slugs
  2 leopard geckos
  17 orcs
  3 giant cockroaches
  8 goblins
  9 hobgoblins
  18 jackals
  6 quokkas
  2 ball pythons
  10 bats
  9 frilled lizards
  25 kobolds
  A quokka skeleton (D:5)
  9 rats
260 creatures vanquished.

Vanquished Creatures (collateral kills)
  Natasha (D:3)
  A worm (D:5)
  4 orcs
  A giant cockroach (D:5)
  A goblin (D:3)
8 creatures vanquished.

Vanquished Creatures (others)
  An orc priest (D:3)
  Natasha (D:3)
  An adder (D:5)
  A jackal (D:1)
4 creatures vanquished.

Grand Total: 272 creatures vanquished

Notes
Turn   | Place    | Note
-------+----------+-------------------------------------------
     0 | D:1      | Ge0ff the High Elf Artificer began the quest for the Orb.
     0 | D:1      | Reached XP level 1. HP: 13/13 MP: 4/4
   316 | D:1      | Reached XP level 2. HP: 9/18 MP: 5/5
  1305 | D:1      | Reached XP level 3. HP: 18/23 MP: 6/6
  1914 | D:2      | Noticed Terence
  2376 | D:2      | Reached XP level 4. HP: 26/28 MP: 7/7
  2395 | D:2      | Found a faded altar of an unknown god.
  2552 | D:2      | Found a deep blue altar of Sif Muna.
  2651 | D:2      | Reached skill level 5 in Short Blades
  3083 | D:3      | Found a shimmering altar of Xom.
  3253 | D:3      | Noticed Natasha
  3264 | D:3      | Your ally died
  3475 | D:3      | Noticed Ge0ff's ghost (amateur HEWr)
  3559 | D:3      | Noticed Natasha
  3582 | D:3      | Killed Natasha
  3987 | D:2      | Killed Terence
  3987 | D:2      | Reached XP level 5. HP: 34/34 MP: 8/8
  4257 | D:3      | Noticed Natasha
  4420 | D:3      | Killed Natasha
  4463 | D:3      | Found a shimmering altar of Xom.
  4465 | D:3      | Found a shimmering altar of Xom.
  4465 | D:3      | Found a shimmering altar of Xom.
  4465 | D:3      | Found a shimmering altar of Xom.
  4466 | D:3      | Found a shimmering altar of Xom.
  4467 | D:3      | Found a shimmering altar of Xom.
  5047 | D:4      | Noticed Ge0ff's ghost (amateur HEWn)
  5726 | D:4      | Found a white marble altar of Elyvilon.
  5786 | D:4      | Reached XP level 6. HP: 41/41 MP: 9/9
  5914 | D:5      | Entered Level 5 of the Dungeon
  6090 | D:5      | Found a staircase to the Ecumenical Temple.
  6091 | D:5      | Noticed a sky beast
  6455 | D:5      | Reached skill level 1 in Throwing
  6500 | D:5      | Found a glowing drain.
  6536 | Sewer    | Entered a sewer
  6594 | Sewer    | Noticed Purgy
  6600 | Sewer    | Killed Purgy
  6600 | Sewer    | Reached skill level 3 in Bows
  6847 | Temple   | Entered the Ecumenical Temple
  6922 | Temple   | Became a worshipper of Warmaster Okawaru
  6983 | D:5      | Noticed an ice beast
  6997 | D:5      | Killed an ice beast
  6997 | D:5      | Reached skill level 4 in Bows
  6997 | D:5      | Reached XP level 7. HP: 45/45 MP: 10/10
  7154 | D:5      | Reached skill level 5 in Bows
  7513 | D:6      | Reached skill level 6 in Bows
  7752 | D:6      | Reached skill level 7 in Bows
  8172 | D:6      | Reached * piety under Okawaru
  8172 | D:6      | Reached skill level 1 in Armour
  8585 | D:6      | Reached XP level 8. HP: 51/52 MP: 11/11
  8616 | D:6      | Found a blossoming altar of Fedhas.
  8616 | D:6      | Found a burning altar of Makhleb.
  8616 | D:6      | Found a sacrificial altar of Ru.
  8619 | D:6      | Found an ancient bone altar of Kikubaaqudgha.
  8621 | D:6      | Found a sparkling altar of Nemelex Xobeh.
  8913 | D:7      | Noticed Dowan
  8924 | D:7      | Noticed Queen's ghost (novice DrTm)
  9013 | D:5      | Reached skill level 1 in Invocations
  9021 | D:5      | Gained mutation: You are partially covered in molten scales. (AC +2) [mutagenic meat]
  9235 | D:4      | Killed Ge0ff's ghost
  9369 | D:3      | Found a shimmering altar of Xom.
  9566 | D:3      | Killed Ge0ff's ghost
  9824 | D:6      | Reached skill level 8 in Bows
  9974 | D:7      | Noticed Duvessa
  9992 | D:7      | Killed Duvessa
 10414 | D:7      | Killed Dowan
 10570 | D:7      | Found a radiant altar of Vehumet.
 10596 | D:7      | Identified Xeoshul Moca's Grimoire of Creative Dislocation
 10609 | D:7      | Learned a level 1 spell: Apportation
 10612 | D:7      | Learned a level 2 spell: Shroud of Golubria
 10659 | D:7      | Reached ** piety under Okawaru
 10659 | D:7      | Reached skill level 9 in Bows
 10659 | D:7      | Reached XP level 9. HP: 48/58 MP: 12/12
 11239 | D:8      | Noticed Grum
 11259 | D:8      | Noticed Grum
 11259 | D:8      | Grum changed into Grum the porcupine
 11269 | D:8      | Killed Grum the porcupine
 11269 | D:8      | Reached skill level 5 in Fighting
 11269 | D:8      | Reached skill level 10 in Bows
 11484 | D:8      | Found Riygraf's Distillery.
 11487 | D:8      | Bought a potion of degeneration for 13 gold pieces
 12035 | D:8      | Found a hide-covered altar of Uskayaw.
 12249 | D:8      | Reached *** piety under Okawaru
 12443 | D:9      | Reached skill level 11 in Bows
 12602 | D:9      | Reached skill level 5 in Dodging
 12614 | D:9      | Reached XP level 10. HP: 68/68 MP: 11/13
 12965 | D:9      | Received a gift from Okawaru
 13069 | D:9      | Found a staircase to the Lair.
 13847 | D:9      | Learned a level 6 spell: Deflect Missiles
 13962 | D:9      | Reached skill level 12 in Bows
 14257 | D:10     | Entered Level 10 of the Dungeon
 14280 | D:10     | Noticed a sixfirhy
 14288 | D:9      | Noticed a rust devil
 14568 | D:10     | Noticed a fire crab
 14576 | D:10     | Killed a fire crab
 14576 | D:10     | Reached **** piety under Okawaru
 14940 | D:10     | Killed an unseen horror
 14966 | D:10     | Reached skill level 5 in Armour
 15247 | D:10     | Noticed Joseph
 15420 | D:10     | Received a gift from Okawaru
 15444 | D:10     | Found an ancient bone altar of Kikubaaqudgha.
 15447 | D:10     | Found Hemurasho's Sacrilege Store.
 15511 | D:10     | Reached skill level 13 in Bows
 15721 | D:10     | Reached XP level 11. HP: 62/75 MP: 14/14
 15735 | D:10     | Noticed a hill giant
 16061 | D:10     | Killed Joseph
 16112 | D:10     | Killed a hill giant
 16112 | D:10     | Received a gift from Okawaru
 16396 | Lair:1   | Entered Level 1 of the Lair of Beasts
 16407 | D:9      | Received a gift from Okawaru
 17117 | Lair:1   | Slain by a komodo dragon

Skill      XL: |  1  2  3  4  5  6  7  8  9 10 11 |
---------------+----------------------------------+-----
Short Blades   | 2 3 4 5 6 7 |  7.0
Fighting       | 2 3 4 5 7 |  7.4
Throwing       | 1 3 |  3.0
Bows           | 4 7 9 11 13 | 13.6
Armour         | 1 2 3 5 |  5.6
Stealth        | 2 3 |  3.0
Invocations    | 2 3 4 |  4.2
Dodging        | 3 5 6 7 |  7.2
Evocations     | |  3.0

Action                   |  1- 3 |  4- 6 |  7- 9 | 10-12 || total
-------------------------+-------+-------+-------+-------++-------
Melee: Short sword       |   126 |   197 |       |   157 ||   480
       Unarmed           |       |     9 |       |       ||     9
       Punch             |       |       |       |     4 ||     4
 Fire: Blowgun           |       |    21 |    18 |     5 ||    44
       Shortbow          |       |    25 |   626 |   305 ||   956
Throw: Stone             |     1 |     2 |       |       ||     3
       Tomahawk          |       |     8 |       |     4 ||    12
Invok: Heroism           |       |       |    17 |    22 ||    39
Evoke: Wand              |    14 |    30 |    11 |    10 ||    65
  Use: Scroll            |     1 |    12 |     4 |     3 ||    20
       Potion            |       |     3 |     1 |     1 ||     5
 Stab: Sleeping          |     3 |     1 |       |       ||     4
       Paralysed         |       |     1 |       |       ||     1
       Distracted        |       |     1 |       |       ||     1
  Eat: Chunk             |     4 |    10 |    15 |    13 ||    42
       Fruit             |       |     1 |     2 |       ||     3
       Bread ration      |       |     1 |       |       ||     1
       Royal jelly       |       |       |       |     1 ||     1
Armor: Leather armour    |    23 |    59 |     4 |       ||    86
       Ring mail         |       |       |   116 |   111 ||   227
       Plate armour      |       |       |       |     1 ||     1
Dodge: Dodged            |    60 |   134 |   171 |   186 ||   551
